 Dungeon Crawl Stone Soup version 0.30.1-4-g462c640d31 (webtiles) character file.

Game seed: 10931892945502023983

214 GeoRichter the Magician (level 5, 0/42 HPs)
             Began as a Demonspawn Cinder Acolyte on Sept 14, 2023.
             Was a Priest of Ignis.
             Slain by an ogre
             ... wielding a +0 giant spiked club
              (16 damage)
             ... on level 3 of the Dungeon.
             The game lasted 00:04:08 (2055 turns).

GeoRichter the Magician (Demonspawn Cinder Acolyte) Turns: 2055, Time: 00:04:09

Health: 0/42       AC: 10    Str: 15    XL:     5   Next: 60%
Magic:  12/12      EV: 11    Int: 17    God:    Ignis [***...]
Gold:   160        SH:  0    Dex:  8    Spells: 13/13 levels left

rFire   + . .        i - +3 quarterstaff (chaos)
rCold   . . .        (shield currently unavailable)
rNeg    . . .        b - +0 robe
rPois   .            (helmet restricted)
rElec   .            d - +0 cloak
rCorr   .            (no gloves)
SInv    .            (no boots)
Will    .....        (no amulet)
Stlth   +            (no ring)
HPRegen 0.27/turn    (no ring)
MPRegen 0.13/turn

%: no passive effects
@: fiery-armoured
A: antennae 1, powered by death 1
a: Renounce Religion, Fiery Armour, Foxfire Swarm, Rising Flame


You were on level 3 of the Dungeon.
You worshipped Ignis.
Ignis was most pleased with you.
You visited 1 branch of the dungeon, and saw 3 of its levels.

You collected 160 gold pieces.

Inventory:

Hand Weapons
 a - a -1 spear of flaming
 i - a +3 quarterstaff of chaos (weapon)
   (You took it off Crazy Yiuf on level 2 of the Dungeon)
Armour
 b - a +0 robe (worn)
 d - a +0 cloak (worn)
   (You took it off Crazy Yiuf on level 2 of the Dungeon)
 j - a +0 buckler
   (You found it on level 3 of the Dungeon)
Scrolls
 f - a scroll of blinking {unknown}
 g - a scroll of acquirement {unknown}
 l - a scroll of poison {unknown}
 m - a scroll of identify {@r1}
Potions
 c - 2 potions of haste {@q3}
 e - a potion of attraction {!q}
 h - 3 potions of curing {@q1}
 k - a potion of lignification {unknown}


   Skills:
 - Level 3.6 Fighting
 - Level 2.6 Polearms
 + Level 4.7 Spellcasting
 - Level 2.6 Fire Magic


You had 13 spell levels left.
You didn't know any spells.
Your spell library contained the following spells:

 Spells                   Type           Power      Damage    Failure   Level
 Scorch                   Fire           26%        2d6       8%          2


Dungeon Overview and Level Annotations

Branches:
Dungeon (3/15) Zot: 15937

Altars:


Innate Abilities, Weirdness & Mutations

You have a pair of small antennae on your head.
You regenerate a little health from kills.


Message History

You hit the hobgoblin.
You kill the hobgoblin!
You hit the goblin.
You kill the goblin!
A hobgoblin comes into view.
Found a stone staircase leading down.
The hobgoblin closely misses you.
You see here a +0 club.
You hit the hobgoblin but do no damage.
Lightning courses through the hobgoblin!
You kill the hobgoblin!
No target in view!
No target in view!
You see here a hobgoblin corpse.
Found a scroll of identify.
m - a scroll of identify {@r1}
Found 13 gold pieces.
You now have 160 gold pieces (gained 13).
You open the door.
Found 49 gold pieces.
Found a glowing silver altar of Zin.
Found 14 gold pieces.
There is an open door here.
There is an open door here.
There is a stone staircase leading down here.
A ball python comes into view.
A ball python is nearby!
A ball python is nearby!
A ball python is nearby!
The ball python hisses angrily.
An ogre comes into view. It is wielding a +0 giant spiked club.
Found 6 gold pieces.
A jackal comes into view.
The jackal moves out of view.
The jackal barks!
The ball python bites you but does no damage.
The ball python closely misses you.
A protective cloak of flame settles atop you.
The ball python bites you but does no damage.
The ball python is burned by your cloak of flames.
You kill the ball python!
You hit the ogre.
The ogre is poisoned.
The ogre is lightly wounded.
The ogre hits you with a +0 giant spiked club!!
Ouch! That really hurt!
* * * LOW HITPOINT WARNING * * *
The ogre is burned by your cloak of flames.
The ogre is moderately wounded.
You hit the ogre.
The ogre is heavily wounded.
The ogre hits you with a +0 giant spiked club!
You die...

#####.#.#.####....#..##.#
#.......#.........)..##.#
..........>.............#.#
###.###.##.#..#......†..#.#
# #.##.#.#............#
#.##..###...........#
$###....## ##.........[.
.........###..........#.
#####.#@#.#...........#.
#.#O#............... #.#h#
##.<.)†....... . ..#
#######.##.## . ..# #.##.#
..## #.##.# .# #.##.# #.
#.##.# #.##.#


You could see an ogre (very poisoned) and a jackal.

Vanquished Creatures
  Crazy Yiuf (D:2)
  Terence (D:2)
  2 orc wizards (D:2)
  Natasha (D:2)
  2 adders
  A worm (D:2)
  2 dart slugs
  2 orcs (D:2)
  8 endoplasms
  9 hobgoblins
  8 kobolds
  2 quokkas
  6 ball pythons
  6 bats
  4 frilled lizards (D:1)
  7 goblins
  5 rats
67 creatures vanquished.

Vanquished Creatures (others)
  12 foxfires (D:2)
12 creatures vanquished.

Grand Total: 79 creatures vanquished

Notes
Turn   | Place    | Note
-------+----------+-------------------------------------------
     0 | D:1      | GeoRichter the Demonspawn Cinder Acolyte began the quest
                  | for the Orb.
     0 | D:1      | Reached XP level 1. HP: 18/18 MP: 2/2
   133 | D:1      | Gained mutation: You regenerate a little health from kills.
                  | [demonic ancestry]
   133 | D:1      | Reached XP level 2. HP: 19/24 MP: 3/3
   982 | D:1      | Reached skill level 2 in Spellcasting
   982 | D:1      | Reached XP level 3. HP: 24/30 MP: 4/6
  1132 | D:2      | Reached skill level 3 in Spellcasting
  1132 | D:2      | Reached XP level 4. HP: 33/37 MP: 6/8
  1164 | D:2      | Found a faded altar of an unknown god.
  1410 | D:2      | Found a runed translucent door.
  1411 | D:2      | Noticed Crazy Yiuf
  1460 | D:2      | Noticed Terence
  1482 | D:2      | Killed Terence
  1483 | D:2      | Reached skill level 4 in Spellcasting
  1488 | D:2      | Gained mutation: You have a pair of small antennae on your
                  | head. [demonic ancestry]
  1488 | D:2      | Reached XP level 5. HP: 42/42 MP: 9/11
  1551 | D:2      | Noticed Natasha
  1563 | D:2      | Killed Natasha
  1819 | D:2      | Killed Crazy Yiuf
  2050 | D:3      | Noticed an ogre
  2055 | D:3      | Slain by an ogre

Illustrated notes

Levels and vault maps discovered:
D:1:      dpeg_arrival_pits, layout_basic
D:2:      layout_rooms, hellmonk_ecumenical_altar_crossroads, uniq_terence,
          uniq_natasha, uniq_crazy_yiuf_cottage
D:3:      layout_loops_ring, zin_treasury, gammafunk_ghost_necromancy,
          minmay_misc_feat_tiny

Skill      XL: |  1  2  3  4 |
---------------+-------------+-----
Spellcasting   | 2 3 4 |  4.7
Fighting       | |  3.6
Polearms       | |  2.6
Fire Magic     | |  2.6

Action                     |  1- 3 |  4- 6 || total
---------------------------+-------+-------++-------
  Melee: Spear             |   129 |    83 ||   212
         Punch             |     1 |       ||     1
         Quarterstaff      |       |    19 ||    19
 Invoke: Fiery Armour      |     1 |     3 ||     4
         Foxfire Swarm     |       |     1 ||     1
    Use: Scroll            |     2 |       ||     2
   Stab: Sleeping          |     1 |       ||     1
 Armour: Robe              |    18 |    22 ||    40
  Dodge: Dodged            |    43 |    44 ||    87
